 Dungeon Crawl Stone Soup version 0.27.0-1-g7a089689b8 (webtiles) character file.

Game seed: 6398347195349256714

48 Smaepdii the Gusty (level 3, -2/19 HPs)
             Began as a Tengu Air Elementalist on Aug 4, 2021.
             Slain by a goblin (5 damage)
             ... led by Robin
             ... on level 3 of the Dungeon.
             The game lasted 00:10:16 (2195 turns).

Smaepdii the Gusty (Tengu Air Elementalist)         Turns: 2195, Time: 00:10:16

Health: -2/19      AC:  2    Str:  8    XL:     3   Next: 72%
Magic:  4/7        EV: 12    Int: 16    God:
Gold:   113        SH:  0    Dex: 14    Spells: 2/6 levels left

rFire    . . .     SeeInvis .   l - +0 long sword
rCold    . . .     Faith    .   (no shield)
rNeg     . . .     Spirit   .   a - +0 robe
rPois    .         Reflect  .   (helmet restricted)
rElec    .         Harm     .   (no cloak)
rCorr    .         Rampage  .   (no gloves)
Will     .....                  (boots unavailable)
Stlth    ++........             (no amulet)
HPRegen  0.06/turn              (no ring)
MPRegen  0.10/turn              (no ring)

@: no status effects
A: beak, talons 3
a: no special abilities


You were on level 3 of the Dungeon.
You visited 1 branch of the dungeon, and saw 3 of its levels.

You collected 113 gold pieces.

Inventory:

Hand Weapons
 l - a +0 long sword (weapon)
Armour
 a - a +0 robe (worn)
Scrolls
 b - a scroll of blinking {unknown}
 e - 3 scrolls of teleportation {unknown}
 f - 4 scrolls of identify {unknown}
 i - a scroll of noise {unknown}
 k - 2 scrolls of brand weapon {unknown}
Potions
 c - a potion of haste {unknown}
 d - a potion of lignification {unknown}
 g - a potion of curing {unknown}
 h - a potion of mutation {unknown}
 j - a potion of resistance {unknown}


   Skills:
 + Level 2.8 Dodging
 - Level 2.0 Stealth
 + Level 2.4 Spellcasting
 - Level 1.3 Conjurations
 * Level 5.2 Air Magic


You had 2 spell levels left.
You knew the following spells:

 Your Spells              Type           Power      Damage    Failure   Level
a - Shock                 Conj/Air       48%        1d6       5%          1
b - Swiftness             Air            18%        N/A       7%          3

Your spell library contained the following spells:

 Spells                   Type           Power      Damage    Failure   Level
 Static Discharge         Conj/Air       12%        N/A       8%          2
 Airstrike                Air            9%         N/A       24%         4


Dungeon Overview and Level Annotations

Branches:
Dungeon (3/15)

Altars:

Shops:
D:1 [?[*

Annotations:
D:2 Sigmund
D:3 Robin


Innate Abilities, Weirdness & Mutations

You have a beak for a mouth.
You have claws for feet.


Message History

You kill the hobgoblin!
The zap hits Robin.
Robin is severely wounded.
The goblin hits you with a +0 dagger.
Robin roars a battlecry!
The goblins go into a battle-frenzy!
You hear a shout!
The goblin barely misses you.
You riposte.
You completely miss the goblin. You claw the goblin.
The goblin is heavily wounded.
The goblin unwields a +0 club.
The goblin wields a +0 hunting sling.
The goblin shoots a stone.
The stone closely misses you. The goblin barely misses you.
Robin throws the goblin at you!
You hit the goblin but do no damage. You claw the goblin.
The goblin is heavily wounded.
The goblin unwields a +0 hunting sling.
The goblin wields a +0 club.
The goblin hits you with a +0 club. The goblin hits you but does no damage.
A goblin comes into view. It is wielding a +0 club.
A dart slug comes into view.
The goblin misses you.
Robin roars a battlecry!
The goblin misses you.
You riposte.
You barely miss the goblin.
The goblin is heavily wounded.
Robin throws the goblin at you!
A goblin comes into view. It is wielding a +0 club.
The goblin hits you with a +0 club.
* * * LOW HITPOINT WARNING * * *
Your magical contamination has completely faded away.
The goblin barely misses you.
You riposte.
You hit the goblin but do no damage.
The goblin is heavily wounded.
Robin points. "Kill!"
Robin roars a battlecry!
The goblin unwields a +0 club.
The goblin wields a +0 hunting sling.
The goblin shoots a stone.
The stone barely misses you.
The goblin no longer looks unusually strong.
Robin throws the goblin at you! The goblin barely misses you.
You barely miss the goblin. Your kick misses the goblin.
The goblin is severely wounded.
The goblin hits you with a +0 dagger.
You die...

### #######################.#
........................#
#######################.# #.#
############## #.########
#......#....g########........#
#...........gg@g...##........#
#.......g....#####.##........#
#.......###### ###.##.........
#........# #.............#
+...#....# #.............# ###
#....# #.............# #.#g##
###+###.......# #.#g)
######### #.#w..


You could see Robin and 4 goblins.

Vanquished Creatures
  An adder (D:2)
  A dart slug (D:1)
  A worm (D:3)
  An orc (D:3)
  An endoplasm (D:1)
  6 goblins
  2 hobgoblins
  5 jackals (D:1)
  2 quokkas
  2 ball pythons
  3 bats
  A frilled lizard (D:1)
  3 kobolds (D:1)
  2 rats
31 creatures vanquished.

Notes
Turn   | Place    | Note
-------+----------+-------------------------------------------
     0 | D:1      | Smaepdii the Tengu Air Elementalist began the quest for the
                  | Orb.
     0 | D:1      | Reached XP level 1. HP: 10/10 MP: 4/4
    82 | D:1      | Found a faded altar of an unknown god.
   187 | D:1      | Reached XP level 2. HP: 15/15 MP: 0/6
   432 | D:1      | Found Ihoiqut's Assorted Antiques.
   533 | D:1      | Found Bycot's Magic Scroll Emporium.
   534 | D:1      | Found Wiur's Antique Armour Shop.
   651 | D:1      | Found Ryatzeim's Antique Armour Boutique.
   912 | D:2      | Reached XP level 3. HP: 19/19 MP: 5/7
   935 | D:2      | Learned a level 3 spell: Swiftness
  1217 | D:2      | Reached skill level 5 in Air Magic
  1360 | D:2      | Noticed Sigmund
  2180 | D:3      | Noticed Robin
  2195 | D:3      | Slain by a goblin

Illustrated notes

Levels and vault maps discovered:
D:1:      lightli_arrival_boilingwater, layout_rooms, serial_shops,
          nicolae_shop_competitors_out_of_business, shop, nicolae_shop_trees,
          shop, ebering_ecumenical_altar_hall
D:2:      layout_rooms, uniq_crazy_yiuf_cottage, uniq_sigmund
D:3:      layout_basic, minmay_puff, uniq_ijyb, uniq_robin

Skill      XL: |  1  2  3 |
---------------+----------+-----
Air Magic      | 5 |  5.2
Dodging        | |  2.8
Stealth        | |  2.0
Spellcasting   | |  2.4
Conjurations   | |  1.3

Action                   || total
-------------------------++-------
Melee: Long sword        ||     2
       Kick              ||     2
 Cast: Shock             ||    73
Armor: Robe              ||    11
Dodge: Dodged            ||    23
       Rpst.: Long sword ||     3
